 Dungeon Crawl Stone Soup version 0.17-a0-157-g289cc6a (webtiles) character file.

19292 BluebellGnoll the Slicer (level 12, -2/58 (62) HPs)
             Began as a Spriggan Abyssal Knight on Mar 26, 2015.
             Was the Champion of Lugonu.
             Slain by a hill giant
             ... wielding a +0 giant spiked club
              (31 damage)
             ... on level 11 of the Dungeon.
             The game lasted 01:39:05 (20012 turns).

BluebellGnoll the Slicer (Spriggan Abyssal Knight) Turns: 20012, Time: 01:39:06

HP:   -2/58 (62)    AC:  5    Str:  8    XL:     12   Next: 35%
MP:   28/28         EV: 28    Int: 21    God:    Lugonu [******]
Gold: 1169          SH:  0    Dex: 23    Spells: 1 memorised, 9 levels left

rFire  . . .     SeeInvis +     o - +9 hand axe of the Living Dead {speed, Noisy rN+ Int-4 Dex+7}
rCold  . . .     Clarity  .     r - +1 robe
rNeg   + . .     SustAb   +     (shield restricted)
rPois  +         Gourm    .     j - +1 hat
rElec  .         Spirit   .     O - +0 cloak {rPois}
rCorr  .         Warding  .     (gloves unavailable)
rMut   .         Stasis   .     (boots unavailable)
MR     ++...                    k - amulet of regeneration
Stlth  ++++++....               e - +2 ring of slaying
                                n - ring "Abboul" {SustAb Int+7}

@: very quick, very resistant to hostile enchantments, very stealthy
A: unfitting armour, antennae 1, talons 1, see invisible, herbivore 3, speed 3,
slow metabolism 2
a: Depart the Abyss, Bend Space, Banish, Corrupt, Enter the Abyss, Renounce
Religion


You were on level 11 of the Dungeon.
You worshipped Lugonu.
Lugonu was exalted by your worship.
You were not hungry.

You visited 3 branches of the dungeon, and saw 15 of its levels.
You visited the Abyss 1 time.
You also visited: Ossuary and Ice Cave.

You collected 1459 gold pieces.
You spent 290 gold pieces at shops.

Inventory:

Hand weapons
 a - a +1 short sword
 o - the +9 hand axe of the Living Dead (weapon) {speed, Noisy rN+ Int-4 Dex+7}
   (You found it on level 5 of the Dungeon)

   Attacks with this weapon are significantly faster.
   It affects your intelligence (-4).
   It affects your dexterity (+7).
   It protects you from negative energy.
   It may make noises in combat.
 q - a +4 dagger of venom
 v - a +0 dagger of draining
 C - a +0 rapier
Missiles
 g - 105 stones
 u - 4 tomahawks of dispersal
 H - 2 poisoned tomahawks
 M - 4 tomahawks (quivered)
 P - a throwing net
Armour
 j - a +1 hat (worn)
 r - a +1 robe (worn)
 O - a +0 cloak of poison resistance (worn)
Jewellery
 b - an uncursed ring of flight
 e - a +2 ring of slaying (right hand)
 k - an amulet of regeneration (around neck)
 m - an uncursed ring of protection from fire
 n - the ring "Abboul" (left hand) {SustAb Int+7}
   (You found it in an ice cave)

   [ring of sustain abilities]

   It sustains your strength, intelligence and dexterity.
   It affects your intelligence (+7).
 F - an uncursed ring of invisibility
 G - a +2 ring of protection
 I - an uncursed ring of protection from magic
Magical devices
 x - a wand of teleportation (9)
 S - a wand of polymorph (10)
 U - a wand of paralysis (10)
Scrolls
 l - 3 scrolls of blinking
 p - 7 scrolls of teleportation
 s - 3 scrolls of fear
 z - a scroll of identify
 D - 2 scrolls of recharging
 K - 2 scrolls of immolation
 V - a scroll of remove curse
Potions
 f - a potion of berserk rage
 h - 5 potions of curing
 i - a potion of ambrosia {unknown}
 w - a potion of cure mutation {unknown}
 A - a potion of invisibility {unknown}
 R - a potion of flight
 W - a potion of brilliance
Miscellaneous
 d - a plain deck of summoning {drawn: 2}
Comestibles
 c - 7 bread rations


   Skills:
 - Level 6.3 Fighting
 + Level 13.4 Short Blades
 - Level 9.2 Dodging
 - Level 12.0 Stealth
 - Level 0.5 Spellcasting
 - Level 3.5 Conjurations
 - Level 4.8 Air Magic
 - Level 3.5 Poison Magic
 - Level 5.1 Invocations
 - Level 7.5 Evocations


You had 9 spell levels left.
You knew the following spells:

 Your Spells              Type           Power        Failure   Level  Hunger
a - Mephitic Cloud        Conj/Pois/Air  ###.....     12%         3    ####...


Dungeon Overview and Level Annotations

Branches:
Dungeon (11/15)            Temple (1/1) D:4            Lair (3/8) D:10
  Swamp: Lair:3-6    Shoals: Lair:3-6     Snake: Lair:3-6    Spider: Lair:3-6
    Orc: D:9-12

Altars:
Ashenzari
Cheibriados
Elyvilon
Fedhas
Ru
Vehumet
Xom
Yredelemnul
Zin

Shops:
D:6 *   D:10 [


Innate Abilities, Weirdness & Mutations

You are tiny and cannot use many weapons and most armour.
You have supernaturally acute eyesight.
You are a herbivore.
You cover ground extremely quickly.
You need consume almost no food.
You have a pair of small antennae on your head.
You have sharp toenails.


Message History

There is a stone staircase leading up here.
You see here a meat ration.
You hit the hill giant.
The hill giant is severely wounded.
The hill giant hits you with a giant spiked club!!
There is a stone staircase leading up here.
You hit the hill giant but do no damage.
The hill giant looks even sicker.
You claw the hill giant, but do no damage.
The hill giant is severely wounded.
The hill giant hits you with a giant spiked club!!
Wield which item (- for none, * to show all)? (? for menu, Esc to quit)
Your +4 dagger of venom stops dripping with poison.
Your hands tingle!
o - the +9 hand axe of the Living Dead (weapon)
{speed, Noisy rN+ Int-4 Dex+7} You hit the hill giant!
The hill giant is almost dead.
The hill giant hits you with a giant spiked club!!
Ouch! That really hurt!
You die...

#.##.[. #......
#...... ########
#...... #......#
#......
#.<....#####......
#.##.......<......
#C##....##.>......
#@##....##....#...
#...%.........#...
############......
#...... #......
#.####. #.# . ...
. .... .


You could see a hill giant.

Vanquished Creatures
  2 ice dragons (IceCv)
  Erica (Lair:2)
  The ghost of Ngotmuk the Basher, an experienced DDFi of Ru (D:10)
  Erolcha (D:10)
  2 ice statues (IceCv)
  3 black mambas
  Joseph (D:7)
  A torpor snail (Lair:3)
  4 komodo dragons
  A basilisk (Lair:2)
  20 yaks
  3 blink frogs (Lair:3)
  A wyvern (D:9)
  The ghost of WhatIsLove the Skirmisher, an average CeBe of Trog (Ossuary)
  3 hippogriffs
  A steam dragon (D:7)
  3 wolves (Lair:2)
  6 water moccasins
  4 phantoms
  2 porcupines
  2 sky beasts (D:10)
  A wasp (D:10)
  7 ogres
  A necrophage (D:10)
  6 crocodiles
  20 ice beasts
  4 centaurs
  6 giant frogs
  3 wights (D:10)
  9 killer bees (D:9)
  An electric eel (Lair:3)
  A centaur zombie (Ossuary)
  3 hounds
  2 jellies
  4 crimson imps
  2 goliath beetles
  An orc priest (D:8)
  A human zombie (Ossuary)
  5 centaur skeletons
  A giant frog zombie (D:10)
  A giant frog skeleton (D:5)
  6 worker ants
  3 iguanas
  5 orc wizards
  Ijyb (D:7)
  A big kobold zombie (Ossuary)
  Terence (D:3)
  A hound skeleton (D:9)
  2 mummies (Ossuary)
  A worker ant zombie (D:10)
  19 adders
  2 gnolls (D:6)
  15 river rats
  A shadow imp (D:9)
  3 worms
  4 adder zombies (Ossuary)
  An adder skeleton (D:4)
  6 giant geckos
  5 oozes
  34 orcs
  21 bats
  2 bat zombies (D:5)
  2 giant cockroaches
  21 hobgoblins
  13 jackals
  9 quokkas
  2 ball pythons
  7 giant newts
  2 giant spores
  18 goblins
  6 hobgoblin zombies (Ossuary)
  3 jackal zombies (Ossuary)
  17 kobolds
  4 kobold zombies (Ossuary)
  17 orc zombies
  A quokka skeleton (D:5)
  19 rats
  A rat zombie (Ossuary)
  11 ballistomycetes
  2 fungi
431 creatures vanquished.

Vanquished Creatures (collateral kills)
  A hill giant (D:10)
  3 blink frogs (Lair:1)
4 creatures vanquished.

Vanquished Creatures (others)
  An ice beast (D:10)
  A fungus (Lair:2)
2 creatures vanquished.

Grand Total: 437 creatures vanquished

Notes
Turn   | Place    | Note
--------------------------------------------------------------
     0 | Abyss:1  | BluebellGnoll, the Spriggan Abyssal Knight, began the quest for the Orb.
     0 | Abyss:1  | Reached XP level 1. HP: 11/11 MP: 2/2
    34 | Abyss:1  | Noticed a thrashing horror
    40 | Abyss:1  | Noticed a pale draconian
    41 | D:1      | Escaped the Abyss
    52 | D:1      | Reached skill level 1 in Stealth
    81 | D:1      | Acquired Lugonu's first power
   104 | D:1      | Reached XP level 2. HP: 14/16 MP: 4/4
   535 | D:1      | Reached skill level 4 in Stealth
   824 | D:2      | Reached XP level 3. HP: 16/19 MP: 6/6
   955 | D:2      | Found a shattered altar of Ashenzari.
   961 | D:2      | Acquired Lugonu's second power
  1199 | D:2      | Reached XP level 4. HP: 19/23 MP: 9/9
  2056 | D:3      | Noticed Terence
  2090 | D:3      | Acquired Lugonu's third power
  2434 | D:3      | Reached XP level 5. HP: 14/27 MP: 11/11
  2606 | D:3      | Reached skill level 5 in Short Blades
  3838 | D:3      | Killed Terence
  3896 | D:4      | Found a sand-covered staircase.
  3925 | Ossuary  | Entered an ossuary
  3939 | Ossuary  | Acquired Lugonu's fourth power
  4100 | Ossuary  | Noticed WhatIsLove's ghost (average CeBe)
  4185 | Ossuary  | Killed WhatIsLove's ghost
  4185 | Ossuary  | Reached skill level 6 in Short Blades
  4185 | Ossuary  | Reached skill level 5 in Stealth
  4185 | Ossuary  | Reached XP level 6. HP: 19/32 MP: 11/13
  4748 | Ossuary  | HP: 1/32 [human zombie (6)]
  5330 | Ossuary  | Gained mutation: You have a pair of small antennae on your head. [potion of beneficial mutation]
  5331 | Ossuary  | Gained mutation: You have sharp toenails. [potion of beneficial mutation]
  5467 | D:4      | Reached XP level 7. HP: 31/35 MP: 15/15
  5540 | D:4      | Found a staircase to the Ecumenical Temple.
  5574 | Temple   | Entered the Ecumenical Temple
  5653 | D:4      | Found a glowing silver altar of Zin.
  5738 | D:4      | Noticed an ogre
  5745 | D:4      | Killed an ogre
  5745 | D:4      | Reached skill level 7 in Short Blades
  5785 | D:4      | Acquired Lugonu's fifth power
  6050 | D:4      | Found a blossoming altar of Fedhas.
  6061 | D:4      | Found a basalt altar of Yredelemnul.
  6099 | D:5      | Entered Level 5 of the Dungeon
  6202 | D:5      | Got a bloodstained hand axe
  6241 | D:5      | Reached skill level 8 in Stealth
  6274 | D:5      | Found a white marble altar of Elyvilon.
  6493 | D:5      | Found a white marble altar of Elyvilon.
  6647 | D:6      | Reached skill level 9 in Stealth
  6935 | D:6      | Reached XP level 8. HP: 37/39 MP: 18/18
  7109 | D:6      | Found a radiant altar of Vehumet.
  7348 | D:6      | Found Ufead's General Store.
  7351 | D:6      | Bought a scroll of blinking for 90 gold pieces
  7351 | D:6      | Bought a scroll of enchant weapon for 90 gold pieces
  7558 | D:6      | Reached skill level 10 in Stealth
  8104 | D:7      | Found a sacrificial altar of Ru.
  8104 | D:7      | Noticed Ijyb
  8133 | D:7      | Killed Ijyb
  8207 | D:7      | Noticed Joseph
  8210 | D:7      | Killed Joseph
  8210 | D:7      | Reached skill level 10 in Short Blades
  8495 | D:7      | Reached XP level 9. HP: 43/43 MP: 20/20
  9584 | D:9      | Reached skill level 5 in Invocations
  9790 | D:9      | Reached skill level 1 in Evocations
  9869 | D:9      | Reached skill level 5 in Evocations
 10133 | D:9      | Noticed a hill giant
 11026 | D:10     | Entered Level 10 of the Dungeon
 11171 | D:10     | Found a staircase to the Lair.
 11174 | D:10     | Noticed Ngotmuk's ghost (experienced DDFi)
 11246 | D:10     | Reached skill level 5 in Dodging
 11246 | D:10     | Reached XP level 10. HP: 39/49 MP: 25/25
 11420 | D:10     | Noticed Erolcha
 11816 | D:9      | Identified the +9 hand axe of the Living Dead {speed, Noisy rN+ Int-4 Dex+7} (You found it on level 5 of the Dungeon)
 11911 | D:10     | Killed Ngotmuk's ghost
 12137 | D:10     | Killed Erolcha
 12137 | D:10     | Reached skill level 5 in Fighting
 12559 | D:10     | Found Guohuomp's Armour Emporium.
 12633 | D:10     | Learned a level 3 spell: Mephitic Cloud
 12637 | D:10     | Bought a +0 cloak of poison resistance for 110 gold pieces
 12731 | D:10     | Reached skill level 1 in Poison Magic
 12787 | D:10     | Reached skill level 1 in Air Magic
 12802 | D:10     | Noticed a hill giant
 12917 | D:10     | Killed a hill giant
 13152 | D:10     | Reached skill level 11 in Short Blades
 13412 | Lair:1   | Entered Level 1 of the Lair of Beasts
 14295 | Lair:1   | Reached XP level 11. HP: 41/52 MP: 26/26
 15184 | Lair:2   | Noticed Erica
 15209 | Lair:2   | Killed Erica
 15209 | Lair:2   | Reached skill level 12 in Short Blades
 15596 | Lair:2   | Reached skill level 1 in Conjurations
 16471 | Lair:3   | Found a frozen archway.
 16479 | IceCv    | Entered an ice cave
 17064 | IceCv    | Noticed an ice statue
 17136 | IceCv    | Noticed an ice statue
 17810 | IceCv    | Killed an ice statue
 18625 | IceCv    | Killed an ice statue
 18665 | IceCv    | Noticed an ice dragon
 18666 | IceCv    | Noticed an ice dragon
 18674 | IceCv    | Killed an ice dragon
 18677 | IceCv    | Killed an ice dragon
 18677 | IceCv    | Reached XP level 12. HP: 58/58 MP: 25/28
 18692 | IceCv    | Got a transparent turquoise ring
 18742 | IceCv    | Identified the ring "Abboul" {SustAb Int+7} (You found it in an ice cave)
 19565 | Lair:3   | Reached skill level 13 in Short Blades
 19872 | Lair:2   | Identified a scroll of acquirement
 20012 | D:11     | Slain by a hill giant

Action                   |  1- 3 |  4- 6 |  7- 9 | 10-12 || total
-------------------------+-------+-------+-------+-------++-------
Melee: Short sword       |   145 |   390 |       |       ||   535
       Dagger            |       |    19 |   583 |   796 ||  1398
       Hand axe          |       |       |       |   122 ||   122
 Fire: Hunting sling     |       |       |       |    14 ||    14
Throw: Stone             |     2 |    49 |    16 |    12 ||    79
       Tomahawk          |       |       |     4 |    30 ||    34
Invok: Depart the Abyss  |     1 |       |       |       ||     1
       Bend Space        |       |     1 |       |       ||     1
 Abil: Evoke Invisibilit |       |       |       |     2 ||     2
Evoke: Wand              |       |       |     1 |     9 ||    10
       Deck              |       |       |       |     2 ||     2
  Use: Potion            |       |     8 |     6 |     4 ||    18
       Scroll            |       |    14 |     6 |     9 ||    29
 Stab: Sleeping          |     9 |    12 |    36 |    25 ||    82
       Distracted        |       |     1 |     5 |     3 ||     9
       Invisible         |       |       |       |     1 ||     1
  Eat: Fruit             |       |     1 |     2 |     5 ||     8
       Royal jelly       |       |     1 |       |       ||     1
       Pizza             |       |       |     1 |       ||     1
       Bread ration      |       |       |     1 |     1 ||     2
